 Dungeon Crawl Stone Soup version 0.22-a0-352-gc608dd7fdd (webtiles) character file.

109 Kriby the Skirmisher (level 4, -4/38 HPs)
             Began as a Mummy Fighter on Apr 14, 2018.
             Slain by an orc priest
             ... wielding a +0 morningstar
              (10 damage)
             ... on level 3 of the Dungeon.
             The game lasted 00:01:49 (2485 turns).

Kriby the Skirmisher (Mummy Fighter)                Turns: 2485, Time: 00:01:49

Health: -4/38      AC:  6    Str: 20    XL:     4   Next: 60%
Magic:  4/4        EV:  7    Int:  7    God:
Gold:   112        SH:  8    Dex: 11    Spells: 3/3 levels left

rFire    x . .     SeeInvis +   a - +0 war axe
rCold    + . .     Gourm    .   c - +0 shield
rNeg     + + +     Faith    .   b - +0 scale mail
rPois    ∞         Spirit   .   (no helmet)
rElec    .         Reflect  .   (no cloak)
rCorr    .         Harm     .   (no gloves)
MR       .....                  (no boots)
Stlth    ..........             (no amulet)
HPRegen  0.12/turn              k - ring of see invisible
MPRegen  0.09/turn              (no ring)

@: no status effects
A: no food or potions, fire vulnerability, cold resistance 1, negative energy
resistance 3, torment resistance, unbreathing
a: no special abilities


You were on level 3 of the Dungeon.
You were not hungry.

You visited 1 branch of the dungeon, and saw 3 of its levels.

You collected 112 gold pieces.

Inventory:

Hand Weapons
 a - a +0 war axe (weapon)
Armour
 b - a +0 scale mail (worn)
 c - a +0 shield (worn)
 l - a +0 ring mail of positive energy
Jewellery
 k - a ring of see invisible (left hand)
Wands
 f - a wand of scattershot (6)
Scrolls
 d - 3 scrolls of identify {unknown}
 e - 3 scrolls of teleportation {unknown}
 g - a scroll of blinking {unknown}
 h - a scroll of magic mapping {unknown}
 i - a scroll of amnesia {unknown}
 j - a scroll of remove curse {unknown}
 m - a scroll of fog {unknown}


   Skills:
 * Level 4.8 Fighting
 + Level 2.5 Axes
 - Level 2.4 Armour
 - Level 2.4 Shields


You had 3 spell levels left.
You didn't know any spells.

Dungeon Overview and Level Annotations

Branches:
Dungeon (3/15)

Altars:
Gozag


Innate Abilities, Weirdness & Mutations

You do not eat or drink.
Your flesh is vulnerable to fire.
You are immune to poison.
Your flesh is cold resistant. (rC+)
You are immune to negative energy. (rN+++)
You are immune to unholy pain and torment.
You can survive without breathing.


Message History

You closely miss the orc priest.
The orc priest is heavily wounded.
You slash the orc! The orc hits you but does no damage.
The orc priest barely misses you.
You hit the orc priest.
The orc priest is almost dead.
Your shield and scale mail prevent you from hitting the orc wizard.
You slash the orc!
You kill the orc!
You block the orc wizard's attack.
The orc priest calls down the wrath of Beogh upon you.
Beogh smites you!
* * * LOW HITPOINT WARNING * * *
You closely miss the orc priest.
The orc priest is almost dead.
You hit the orc.
You hit the orc wizard but do no damage.
The orc barely misses you. You block the orc wizard's attack.
The orc priest hits you with a morningstar!
You die...

.≈≈≈ #...# ..≈ ....
######.. ... #......
###.. #.....#....
....# ##.....#...#
#...#
....†..#...#####oo.#
.......#...#.#.#@o.#
.......#.....#.....#
...##.#..###≈#≈###..#
...##.#..#...#...#..#
.........#.......#
..#
........####...###
..#
.........#.......# ..
...##.#†)#.......#
### ...
#.#..[.....#######


You could see an orc priest, an orc wizard and an orc.

Vanquished Creatures
  A hound skeleton (D:3)
  An adder (D:2)
  An ooze (D:3)
  2 worms
  2 dart slugs
  4 leopard geckos
  6 orcs (D:3)
  3 giant cockroaches
  7 goblins
  7 hobgoblins
  4 jackals (D:1)
  A quokka (D:3)
  7 bats
  4 frilled lizards
  9 kobolds
  5 rats
64 creatures vanquished.

Notes
Turn   | Place    | Note
-------+----------+-------------------------------------------
     0 | D:1      | Kriby the Mummy Fighter began the quest for the Orb.
     0 | D:1      | Reached XP level 1. HP: 18/18 MP: 1/1
   139 | D:1      | Reached XP level 2. HP: 22/24 MP: 2/2
   587 | D:1      | Reached XP level 3. HP: 15/30 MP: 3/3
   950 | D:1      | Reached skill level 4 in Fighting
  1224 | D:2      | Found a faded altar of an unknown god.
  2118 | D:3      | Reached XP level 4. HP: 38/38 MP: 4/4
  2232 | D:3      | Found an opulent altar of Gozag.
  2485 | D:3      | Slain by an orc priest

Vault maps used:
D:1:      dpeg_arrival_round_a, glass_columns_b,
          hangedman_abyss_or_decor_lesser_grid
D:2:      chequers_ecumenical_altar_simple, first_ration
D:3:      old_standard_altar, hangedman_ru_absence, minmay_item_behind_shaft,
          amethyst_killhole

Skill      XL: |  1  2  3 |
---------------+----------+-----
Axes           | 2 |  2.5
Fighting       | 4 |  4.8
Armour         | |  2.4
Shields        | |  2.4

Action                   |  1- 3 |  4- 6 || total
-------------------------+-------+-------++-------
Melee: War axe           |   156 |    53 ||   209
Armor: Scale mail        |   105 |    35 ||   140
Dodge: Dodged            |    54 |    37 ||    91
Block: Shield            |    98 |    37 ||   135

Table legend:
 A = Spawn XP
 B = Non-spawn XP
 C = Spawn XP percentage of total XP
 D = Spawn monster count
 E = Non-spawn monster count
 F = Spawn count percentage of total count
 G = Total turns spent on level
                    A         B        C        D         E        F      G
               +---------+---------+-------+---------+---------+-------+---------
         Total |       0 |     157 |   0.0 |       0 |      64 |   0.0 |  2485
               +---------+---------+-------+---------+---------+-------+---------
           D:1 |       0 |      53 |   0.0 |       0 |      31 |   0.0 |  1131
           D:2 |       0 |      37 |   0.0 |       0 |      13 |   0.0 |   965
           D:3 |       0 |      67 |   0.0 |       0 |      20 |   0.0 |   389
               +---------+---------+-------+---------+---------+-------+---------
